 Dungeon Crawl Stone Soup version 0.29-a0-887-gcbe080d7e0 (webtiles) character file.

Game seed: 13771238089767070495

84 zeratav the Stinger (level 4, -1/27 HPs)
             Began as an Octopode Venom Mage on July 21, 2022.
             Killed from afar by Natasha (9 damage)
             ... with a magic dart
             ... on level 3 of the Dungeon.
             The game lasted 00:02:15 (2317 turns).

zeratav the Stinger (Octopode Venom Mage)           Turns: 2317, Time: 00:02:16

Health: -1/27      AC:  1    Str:  7    XL:     4   Next: 45%
Magic:  7/7        EV: 13    Int: 19    God:
Gold:   145        SH:  0    Dex: 12    Spells: 4/7 levels left

rFire   . . .      SeeInvis .   d - +0 dagger {short}
rCold   . . .      Faith    .   (no shield)
rNeg    . . .      Spirit   .   (helmet restricted)
rPois   +          Reflect  .   (no amulet)
rElec   .          Harm     .   h - ring of poison resistance
rCorr   .          Rampage  .   (no ring)
Will    .....                   (no ring)
Stlth   ++++......              (no ring)
HPRegen 0.09/turn               (no ring)
MPRegen 0.10/turn               (no ring)
                                (no ring)
                                (no ring)

@: no status effects
A: almost no armour, amphibious, 8 rings, camouflage 1, gelatinous body 1,
(nimble swimmer 1), tentacles
a: no special abilities


You were on level 3 of the Dungeon.
You visited 1 branch of the dungeon, and saw 3 of its levels.

You collected 145 gold pieces.


Innate Abilities, Weirdness & Mutations

You cannot wear most types of armour.
You are amphibious.
You can wear up to eight rings at the same time.
Your skin changes colour to match your surroundings (Stealth+).
Your rubbery body absorbs attacks. (AC +1, EV +1)
((You are camouflaged when in or above water. (Stealth+)))
You have tentacles for arms and can constrict up to eight enemies at once.


   Skills:
 - Level 2.0 Dodging
 - Level 5.0 Stealth
 - Level 2.0 Spellcasting
 - Level 1.0 Transmutations
 + Level 5.0 Poison Magic


You had 4 spell levels left.
You knew the following spells:

 Your Spells              Type           Power      Damage    Failure   Level
a - Sting                 Tmut/Pois      52%        1d5       4%          1
b - Poisonous Vapours     Pois/Air       22%        N/A       9%          2

Your spell library contained the following spells:

 Spells                   Type           Power      Damage    Failure   Level
 Olgreb's Toxic Radiance  Pois           21%        N/A       21%         4
 Mephitic Cloud           Conj/Pois/Air  8%         N/A       26%         3

Inventory:

Hand Weapons
 d - a +0 dagger (weapon) {short}
   (You took it off a kobold on level 1 of the Dungeon)
Armour
 q - a +0 buckler
   (You found it on level 3 of the Dungeon)
Jewellery
 h - a ring of poison resistance (left tentacle)
   (You found it on level 1 of the Dungeon)
Scrolls
 b - a scroll of noise {unknown}
 l - a scroll of fear {unknown}
 m - 3 scrolls of brand weapon {unknown}
 n - a scroll of enchant armour {unknown}
 r - a scroll of enchant weapon {unknown}
Potions
 a - 2 potions of magic
 c - a potion of might {unknown}
 e - 3 potions of haste {unknown}
 f - a potion of flight {unknown}
 g - 2 potions of curing {unknown}
 i - a potion of mutation {unknown}
 j - a potion of berserk rage {unknown}
 k - a potion of attraction {unknown}
 o - a potion of ambrosia {unknown}
 p - a potion of lignification {unknown}

Dungeon Overview and Level Annotations

Branches:
Dungeon (3/15) Zot: 15683

Altars:

Annotations:
D:3 Natasha

[.. #?.. #..## ###
##### #...#... #...#
#...#.#. #...#
#....P.P
###...###########...#
................@h..#
......###....5###...#
###...# #.....#
#.......P #...#
#.....###..$#.#.#
###.#####...........#
P.
...................##
##
....########........
##### ##....#.. #
#....#...


You could see Natasha and a crimson imp (summoned).


Message History

The helpless rat fails to defend itself.
You puncture the rat!
You kill the rat!
Your Poison Magic skill increases to level 5!
The adder hisses angrily.
The adder bites you but does no damage.
You hit the adder. You grab the adder. You constrict the adder.
The adder bites you.
HP[-3]
You take 3 damage, and now have 24/27 hp.
You hit the adder. You constrict the adder. The adder closely misses you.
You hit the adder. You constrict the adder. The adder barely misses you.
You hit the adder but do no damage. You constrict the adder.
The adder closely misses you. The adder bites you.
HP[-1]
You take 1 damage, and now have 23/27 hp.
You hit the adder. You constrict the adder.
You kill the adder!
No target in view!
No target in view!
n - a scroll labelled ZODURR RUGUO HP[+4]
Your hp is fully restored (27).
You now have 145 gold pieces (gained 14).
You see here a rat corpse.
You see here a ball python skeleton.
You see here a rat skeleton.
Key pressed, stopping explore.
You open the door.
There is an open door here.
e - 3 pink potions (gained 1)
o - a black potion
p - a silvery potion Done exploring.
Done exploring.
(D) Dungeon
Where to? (Enter - D:2, ? - help)
You see here a stone {throwing}.
There is an open door here.
There is a stone staircase leading down here.
You climb downwards.
You hear the sound of rushing water.
There is an entrance to a sewer on this level.
Hurry and find it before the portal rusts away!
There is a stone staircase leading up here.
Memorise Poisonous Vapours, consuming 2 spell levels and leaving 4?
You start memorising the spell.
You continue memorising. x2
You finish memorising.
Spell assigned to 'b'.
Found a stone staircase leading down.
A ball python comes into view.
You see here a +0 buckler.
Okay, then.
q - a +0 buckler No target in view!
The ball python hisses angrily.
You closely miss the ball python. Your grab misses the ball python.
You squeeze the ball python.
You kill the ball python!
Training target 5.0 for Stealth reached!
Your Stealth skill increases to level 5!
r - a scroll labelled GUTALL IBEWKA You open the door.
There is an open door here.
You hear the slow rusting of a very distant drain.
Natasha, Servant of Life and Death comes into view.
Natasha casts a spell at you. The magic dart hits you!
HP[-8]
You take 8 damage, and now have 19/27 hp.
MASSIVE DAMAGE!! (PAUSE) Natasha casts a spell.
Natasha misses you.
You miss the crimson imp. You grab the crimson imp.
You constrict the crimson imp. The crimson imp barely misses you.
You hit the crimson imp. Your squeeze misses the crimson imp.
You constrict the crimson imp.
The crimson imp blinks free!
Natasha wildly gestures.
Natasha shimmers violently.
Natasha misses you.
The crimson imp blinks!
You barely miss Natasha. Your grab misses Natasha. Your squeeze misses Natasha.
Natasha claws you.
You closely miss Natasha. Your grab misses Natasha. You squeeze Natasha!
Natasha claws you.
* * * LOW HITPOINT WARNING * * *
HP[-6]
You take 6 damage, and now have 13/27 hp.
MASSIVE DAMAGE!! (PAUSE)
You hit Natasha. You grab Natasha.
You constrict Natasha, but do no damage.
Natasha barely misses you.
You hit Natasha. Your squeeze misses Natasha.
You constrict Natasha, but do no damage.
Natasha claws you.
* * * LOW HITPOINT WARNING * * *
HP[-5]
You take 5 damage, and now have 8/27 hp.
You barely miss Natasha.
You constrict Natasha, but do no damage.
Natasha stares at you and mumbles some strange words.
The magic dart hits you!
You die...

Skill      XL: |  1  2  3  4 |
---------------+-------------+-----
Stealth        | 3 4 5 |  5.0
Poison Magic   | 4 5 |  5.0
Dodging        | |  2.0
Spellcasting   | |  2.0
Transmutations | |  1.0

Action                   |  1- 3 |  4- 6 || total
-------------------------+-------+-------++-------
Melee: Dagger            |    72 |    36 ||   108
       Tentacles         |     9 |     5 ||    14
       Constrict         |    17 |     6 ||    23
       Punch             |     2 |       ||     2
 Cast: Sting             |     7 |       ||     7
 Stab: Sleeping          |    10 |     6 ||    16
Armor: Skin              |     1 |     2 ||     3
Dodge: Dodged            |    57 |    17 ||    74

Levels and vault maps discovered:
D:1:      moated_graveyard_arrival, layout_basic
D:2:      layout_basic, supply_closet_lemuel, minivault_25,
          chequers_serial_rivers_large_b
D:3:      kennysheep_the_goblin_king, layout_basic,
          mainiacjoe_overflow_cross_hatched, cheibrodos_sewer_entry_drain,
          shapermc_ecumenical_altar_mp_urbaneastern, uniq_natasha

Notes
Turn   | Place    | Note
-------+----------+-------------------------------------------
     0 | D:1      | zeratav the Octopode Venom Mage began the quest for the
                  | Orb.
     0 | D:1      | Reached XP level 1. HP: 11/11 MP: 3/3
     0 | D:1      | magus.rc [v1.9.6]
   144 | D:1      | Reached skill level 3 in Stealth
   152 | D:1      | Reached skill level 4 in Poison Magic
   152 | D:1      | Reached XP level 2. HP: 5/17 MP: 5/5
   990 | D:1      | Reached XP level 3. HP: 21/21 MP: 2/6
  1052 | D:1      | Reached skill level 4 in Stealth
  1618 | D:2      | Reached XP level 4. HP: 27/27 MP: 7/7
  1951 | D:2      | Reached skill level 5 in Poison Magic
  2229 | D:3      | Learned a level 2 spell: Poisonous Vapours
  2245 | D:3      | Reached skill level 5 in Stealth
  2299 | D:3      | Noticed Natasha
  2317 | D:3      | Killed from afar by Natasha

Vanquished Creatures
  3 adders (D:2)
  A dart slug (D:2)
  5 endoplasms
  A giant cockroach (D:1)
  7 goblins
  6 hobgoblins
  5 kobolds
  4 quokkas (D:1)
  6 ball pythons
  6 bats
  4 frilled lizards
  4 rats
52 creatures vanquished.

Table legend:
 A = Non-vault XP
 B = Vault XP
 C = Vault XP percentage of total XP
 D = Non-vault monster count
 E = Vault monster count
 F = Vault count percentage of total count
                 A         B        C        D         E       F
            +---------+---------+-------+---------+---------+-------
      Total |     120 |       0 |   0.0 |      52 |       0 |   0.0
            +---------+---------+-------+---------+---------+-------
        D:1 |      51 |       0 |   0.0 |      32 |       0 |   0.0
        D:2 |      68 |       0 |   0.0 |      19 |       0 |   0.0
        D:3 |       1 |       0 |   0.0 |       1 |       0 |   0.0
            +---------+---------+-------+---------+---------+-------

Illustrated notes

Table legend:
 A = Kills in this place as a percentage of kills in entire the game.
 B = Kills by you in this place as a percentage of kills by you in the entire game.
 C = Kills by friends in this place as a percentage of kills by friends in the entire game.
 D = Other kills in this place as a percentage of other kills in the entire game.
 E = Experience gained in this place as a percentage of experience gained in the entire game.
 F = Experience gained in this place divided by the number of levels of this place that you have seen.
                   A       B       C       D       E      F
               +-------+-------+-------+-------+-------+----------------------
         Total | 100.0 | 100.0 |   N/A |   N/A | 100.0 |  40.0
       Dungeon | 100.0 | 100.0 |   N/A |   N/A | 100.0 |  40.0
               +-------+-------+-------+-------+-------+----------------------

Table legend: (Time is in decaauts)
 A = Elapsed time spent in this place.
 B = Non-inter-level travel time spent in this place.
 C = Inter-level travel time spent in this place.
 D = Time resting spent in this place.
 E = Time spent auto-exploring this place.
 F = Levels seen in this place.
 G = Mean time per level.
                   A        B        C        D        E       F      G
               +--------+--------+--------+--------+--------+-----+--------+
         Total |   2315 |   2268 |     47 |    231 |   1730 |   3 |  771.7 |
       Dungeon |   2315 |   2268 |     47 |    231 |   1730 |   3 |  771.7 |
               +--------+--------+--------+--------+--------+-----+--------+

Top non-repeatable levels by time:
     D:1: 1462 daAuts
     D:2: 761 daAuts
     D:3: 91 daAuts
